AoeStats
← BassAuthor12765

African Clearing

510940640Analyzed
2v2 RM · 8h ago on Oct 3, 2026· 53m 13s· 4 players
Game mode
Random Map
Map size
Medium (4 player)
Population
200
Speed
Normal
Resources
Standard
Victory
Conquest
Starting age
Dark Age
Ending age
Imperial Age
RankedLock teamsTeams togetherTeam positionsShared explorationLock speedFull tech treeHidden civsTurbo modeCheats
Victory
Defeat
🇮🇳 Danes · India
1096
+44
🇲🇽 Varangians · Mexico
1054
+19
🇲🇽 Britons · Mexico
1149
-19
🇲🇽 Huns · Mexico
1087
-17
BassAuthor12765
3:50 Loom
13:42 Feudal Age
15:23 Double-Bit Axe
17:55 Castle Age
17:15 Scale Mail Armor
17:26 Forging
19:01 Chain Mail Armor
18:35 Arson
18:35 Gambesons
20:09 Squires
30:28 Wheelbarrow
30:30 Bow Saw
31:02 Gold Mining
32:48 Horse Collar
37:18 Imperial Age
37:37 Town Watch
38:07 Hand Cart
37:31 Hamask
38:32 Conscription
38:48 Iron Casting
38:44 Plate Mail Armor
38:24 Elite Varangian Guard
39:25 Heavy Plow
39:35 Town Patrol
40:37 Blast Furnace
40:29 Stone Mining
41:15 Gold Shaft Mining
41:52 Stone Shaft Mining
Zkyzo
8:42 Loom
13:00 Feudal Age
16:57 Castle Age
15:05 Double-Bit Axe
17:24 Gold Mining
18:29 Bow Saw
18:49 Forging
20:44 Bloodlines
21:35 Bloodlines
23:54 Scale Barding Armor
26:39 Iron Casting
26:55 Chain Barding Armor
39:16 Imperial Age
39:00 Husbandry
39:39 Cavalier
42:30 Stone Mining
44:48 Plate Barding Armor
46:21 Vendel Legacy
49:25 Blast Furnace
50:06 Wheelbarrow
51:59 Conscription
soms88
13:24 Feudal Age
13:47 Horse Collar
13:54 Double-Bit Axe
22:24 Castle Age
20:51 Fletching
23:53 Scale Barding Armor
24:00 Forging
24:18 Loom
33:34 Pikeman
37:18 Gambesons
36:54 Man-at-Arms
39:21 Wheelbarrow
38:35 Long Swordsman
42:45 Hand Cart
47:05 Squires
50:10 Imperial Age
Willych
13:43 Feudal Age
17:29 Castle Age
15:20 Double-Bit Axe
15:51 Horse Collar
17:27 Wheelbarrow
17:54 Loom
19:13 Wheelbarrow
19:03 Bow Saw
19:25 Husbandry
22:10 Pikeman
29:23 Man-at-Arms
38:24 Marauders
38:18 Long Swordsman
40:22 Bloodlines
41:38 Forging
43:17 Iron Casting
Connection lost

Rejoining the realm…

Still unreachable

The connection could not be restored.

Session expired

The server has moved on; the page needs a fresh start.